 Dungeon Crawl Stone Soup version 0.30-a0-989-g0d87f670db (webtiles) character file.

Game seed: 5345002706667325205

107552 serber55 the Spry (level 16, 0/118 HPs)
             Began as a Merfolk Ice Elementalist on Apr 3, 2023.
             Was the Champion of Hepliaklqana.
             Slain by an ettin
             ... wielding a +0 dire flail
              (5 damage)
             ... on level 15 of the Dungeon on Apr 4, 2023.
             The game lasted 02:46:11 (24708 turns).

serber55 the Spry (Merfolk Ice Elementalist)       Turns: 24708, Time: 02:46:12

Health: 0/118      AC: 17    Str: 10    XL:     16   Next: 47%
Magic:  31/40      EV: 26    Int: 26    God:    Hepliaklqana [******]
Gold:   1807       SH:  5    Dex: 15    Spells: 14/38 levels left

rFire   . . .      SeeInvis +    z - +6 demon trident of Departure {vamp, *Slow rPois Will+ Int+3}
rCold   . . .      Faith    .    (no shield)
rNeg    + + .      Spirit   .    c - +2 robe {rN+}
rPois   +          Reflect  +    x - +2 hat
rElec   .          Rampage  .    Q - +2 cloak of the Thief {*Fog Slay-2 SInv Stlth+}
rCorr   .                        b - +2 pair of gloves
Will    ++...                    g - +2 pair of boots {Fly}
Stlth   +++                      k - amulet of reflection
HPRegen 0.39/turn                F - +5 ring of evasion
MPRegen 0.27/turn                L - ring "Adeurr" {rN+ MP+9 Int+3}

@: flying, studying Maces & Flails
A: reduced essence, (nimble swimmer 2), mertail, iridescent scales 1
a: Renounce Religion, Recall Ancestor, Ancestor Identity, Transference, Idealise


You were on level 15 of the Dungeon.
You worshipped Hepliaklqana.
Hepliaklqana was exalted by your worship.
You visited 4 branches of the dungeon, and saw 23 of its levels.
You visited the Abyss 1 time.
You also visited: Ice Cave and Volcano.

You collected 2710 gold pieces.
You spent 903 gold pieces at shops.

Inventory:

Hand Weapons
 q - the +3 glaive of Gyzacom {spect, rN+}
   (You found it on level 14 of the Dungeon)

   rN:        It protects you from negative energy.
 z - the +6 demon trident of Departure (weapon) {vamp, *Slow rPois Will+ Int+3}
   (You acquired it on level 14 of the Dungeon)

   Int:       It affects your intelligence (+3).
   rPois:     It protects you from poison.
   *Slow:     It may slow you when you take damage.
   Will:      It increases your willpower.
 H - the +5 trident "Jodiot" {vamp, rC++}
   (You took it off a gnoll sergeant on level 8 of the Dungeon)

   rC:        It greatly protects you from cold.
Missiles
 a - a throwing net
 M - 8 atropa-tipped darts (quivered)
Armour
 b - a +2 pair of gloves (worn)
 c - a +2 robe of positive energy (worn)
 g - a +2 pair of boots of flying (worn)
 h - a scarf of resistance
 n - the +2 robe of Darkness {Contam rPois rF+}
   (You found it on level 13 of the Dungeon)

   rF:        It protects you from fire.
   rPois:     It protects you from poison.
   Contam:    It causes magical contamination when unequipped.
 x - a +2 hat (worn)
 E - a +2 robe of cold resistance
 Q - the +2 cloak of the Thief (worn) {*Fog Slay-2 SInv Stlth+}
   (You found it on level 4 of the Lair of Beasts)

   *Fog:      It may release a thick cloud of smoke when the wearer is hurt.
   Slay:      It affects your accuracy & damage with ranged weapons and melee
   (-2).
   SInv:      It lets you see invisible.
   Stlth:     It makes you more stealthy.
Jewellery
 k - an amulet of reflection (around neck)
 p - an amulet of regeneration
 B - a ring of resist corrosion
 F - a +5 ring of evasion (left hand)
 K - a ring of willpower
 L - the ring "Adeurr" (right hand) {rN+ MP+9 Int+3}
   (You found it on level 8 of the Dungeon)

   [ring of positive energy]

   Int:       It affects your intelligence (+3).
   rN:        It protects you from negative energy.
   MP:        It affects your magic capacity (+9).
Wands
 f - a wand of flame (38)
 o - a wand of light (14)
 u - a wand of roots (20)
 J - a wand of mindburst (10)
 S - a wand of digging (3)
Scrolls
 d - 3 scrolls of immolation
 e - a scroll of fear
 i - 14 scrolls of teleportation
 j - 6 scrolls of magic mapping
 y - 6 scrolls of fog
 R - a scroll of brand weapon
 W - 2 scrolls of enchant armour
 X - 2 scrolls of silence
 Y - 2 scrolls of identify
Potions
 l - 4 potions of invisibility
 m - 2 potions of heal wounds
 r - a potion of berserk rage
 s - 5 potions of attraction
 t - a potion of haste
 v - 2 potions of cancellation
 C - 3 potions of might
 D - 6 potions of curing
 I - 3 potions of brilliance
 V - a potion of magic
Miscellaneous
 w - a tin of tremorstones (2/2)
 N - a phantom mirror


   Skills:
 + Level 13.8 Fighting
 - Level 12.4 Polearms
 + Level 16.3 Dodging
 - Level 2.1 Stealth
 - Level 5.0 Shields
 + Level 11.9 Spellcasting
 + Level 5.0 Conjurations
 - Level 5.0 Hexes
 + Level 2.6 Necromancy
 - Level 4.0 Translocations
 - Level 11.8 Ice Magic
 - Level 10.0 Invocations


You had 14 spell levels left.
You knew the following spells:

 Your Spells              Type           Power      Damage    Failure   Level
a - Fulminant Prism       Conj/Hex       20%        3d12      4%          4
b - Frozen Ramparts       Ice            100%       1d16      1%          3
c - Ozocubu's Armour      Ice            67%        N/A       1%          3
d - Summon Ice Beast      Ice/Summ       46%        N/A       3%          4
e - Passwall              Tmut/Erth      12%        N/A       6%          2
f - Blink                 Tloc           72%        N/A       1%          2
g - Simulacrum            Ice/Necr       26%        N/A       30%         6

Your spell library contained the following spells:

 Spells                   Type           Power      Damage    Failure   Level
 Apportation              Tloc           72%        N/A       1%          1
 Foxfire                  Conj/Fire      100%       2x1d6     1%          1
 Freeze                   Ice            100%       1d10      1%          1
 Magic Dart               Conj           100%       1d8       1%          1
 Necrotise                Necr           100%       1d9       1%          1
 Slow                     Hex            100%       N/A       1%          1
 Lesser Beckoning         Tloc           72%        N/A       1%          2
 Momentum Strike          Conj/Tloc      78%        3d10      1%          2
 Searing Ray              Conj           82%        2d7       1%          2
 Static Discharge         Conj/Air       56%        2-5/arc   1%          2
 Confusing Touch          Hex            41%        N/A       1%          3
 Sandblast                Erth           30%        2d9       3%          1
 Summon Small Mammal      Summ           60%        N/A       3%          1
 Vampiric Draining        Necr           29%        2d8       3%          3
 Ice Form                 Ice/Tmut       46%        N/A       3%          4
 Metabolic Englaciation   Hex/Ice        28%        N/A       3%          5
 Stone Arrow              Conj/Erth      56%        3d10      4%          3
 Summon Guardian Golem    Hex/Summ       28%        N/A       4%          3
 Vhi's Electric Charge    Tloc/Air       50%        N/A       4%          3
 Call Canine Familiar     Summ           15%        N/A       12%         3
 Petrify                  Tmut/Erth      15%        N/A       36%         4
 Summon Lightning Spire   Summ/Air       15%        N/A       36%         4
 Arcjolt                  Conj/Air       14%        1d24      36%         5
 Fireball                 Conj/Fire      14%        3d8       36%         5
 Irradiate                Conj/Tmut      14%        3d16      36%         5
 Blade Hands              Tmut           7%         N/A       71%         5
 Plasma Beam              Fire/Air       7%         2x1d13    71%         5
 Starburst                Conj/Fire      14%        6d6       90%         6
 Statue Form              Tmut/Erth      10%        N/A       99%         6
 Dragon Form              Tmut           7%         N/A       100%        7
 Storm Form               Tmut/Air       7%         N/A       100%        7
 Maxwell's Capacitive Co  Air            7%         ∞         100%        8


Dungeon Overview and Level Annotations

Branches:
Dungeon (15/15)            Temple (1/1) D:6            Lair (5/5) D:8
  Swamp (0/4) Lair:3        Snake (0/4) Lair:2        Slime (0/5) Lair:4
    Orc (2/2) D:12            Elf (0/3) Orc:2        Vaults (0/5) D:14
 Depths (0/4) D:15          IceCv (visited)         Volcano (visited)

Altars:
Ashenzari
Cheibriados
Dithmenos
Elyvilon
Fedhas
Gozag
Hepliaklqana
Kikubaaqudgha
Makhleb
Nemelex Xobeh
Okawaru
Qazlal
Ru
Sif Muna
Trog
Uskayaw
Vehumet
Wu Jian
Xom
Yredelemnul
Zin
The Shining One
Jiyva

Shops:
D:10 *   D:15 :((   Orc:2 (=*[

Annotations:
D:3 2 transporters, patfeehan111222's ghost, amateur MiBe


Innate Abilities, Weirdness & Mutations

Your life essence is reduced to manifest your ancestor. (-10% HP)
((You are very nimble when in or above water. (Stealth+, EV+, Speed+++)))
Your lower body shifts to a powerful aquatic tail in water.
You are partially covered in iridescent scales. (AC +2)


Message History

You easily resist.
You hit the ettin but do no damage.
The ettin is heavily wounded.
The deep troll simulacrum completely resists.
The wall freezes the deep troll simulacrum but does no damage.
Unknown command.
You puncture the ettin!
You feel better.
The ettin is severely wounded.
The wall freezes the ettin but does no damage.
You block the ettin's attack. The ettin closely misses you.
The wall freezes the necromancer but does no damage.
The necromancer misses you.
You barely miss the ettin.
The ettin is severely wounded.
The wall freezes the deep troll simulacrum but does no damage.
The wall freezes the necromancer!
The necromancer gestures wildly while chanting.
The necromancer binds the souls of nearby monsters.
The wall freezes the ettin!
The ettin hits you with a +0 dire flail!!
With a swish of your cloak, you release a cloud of fog.
The ettin closely misses you.
You hit the ettin but do no damage.
The ettin is almost dead.
Unknown command.
Your icy armour and frozen ramparts will break if you move.
Continue?
Your icy armour cracks and falls away as you move.
The frozen ramparts melt away as you move.
The necromancer gestures wildly while chanting.
The necromancer binds the souls of nearby monsters.
The ettin closely misses you. The ettin misses you.
The ettin attacks as you move away!
The ettin hits you with a +0 dire flail!! x2
* * * LOW HITPOINT WARNING * * *
With a swish of your cloak, you release a cloud of fog.
You feel much better.
The ettin hits you with a +0 dire flail!!
* * * LOW HITPOINT WARNING * * *
The ettin hits you with a +0 dire flail.
You die...

..♣ #... #.. 8.♣
#..####.### ..♣
#..#>..#... ∩.♣
##..#C....# ..♣
##..§#.e§# # ♣♣♣
#.#.#§#§#..# ##
#...R#Z§Z..# .#
#....#p#####..#. .#
##...#§C@.....8.
##########...########...
..................
..................
..................
'###########+#####
........... #..........
#..........


You could see an ettin (soul bound) and a necromancer.

Vanquished Creatures
  A tentacled starspawn (Abyss:2)
  An orc warlord (Orc:2)
  2 very ugly things (Abyss:2)
  Josephine (Orc:2)
  A spriggan zombie (Abyss:2)
  A vault guard (D:14)
  2 hydras
  A catoblepas (Lair:3)
  3 centaur warriors
  A two-headed ogre (Orc:1)
  A death knight (D:14)
  3 boulder beetles (Lair:4)
  Erica (D:8)
  2 death yaks (Lair:5)
  2 orc high priests (Orc:2)
  A tengu warrior (D:13)
  A large abomination (Abyss:2)
  5 thrashing horrors (Abyss:2)
  Urug (Lair:3)
  A skyshark (Lair:4)
  A goliath frog (Lair:5)
  A spriggan simulacrum (IceCv)
  A deep troll (D:15)
  A wizard (D:15)
  2 bog bodies
  An orb spider (Abyss:2)
  2 obsidian statues (IceCv)
  Pikel (D:6)
  3 orc knights
  4 orc sorcerers
  2 wolf spiders
  4 ugly things
  A cyclops (D:13)
  7 elephants
  A manticore (D:11)
  Maurice (D:9)
  Joseph (D:7)
  5 slime creatures
  4 black mambas
  A molten gargoyle (Volcano)
  An ice statue (D:14)
  A rust devil (Abyss:2)
  2 smoke demons
  A gargoyle (D:13)
  3 torpor snails
  A demonic crawler (Abyss:2)
  14 cane toads
  A centaur skeleton (Abyss:2)
  2 efreet
  Psyche (D:10)
  2 freezing wraiths
  7 komodo dragons
  4 yaktaurs (D:15)
  A red devil (Volcano)
  A polar bear (Lair:3)
  2 tyrant leeches (Lair:5)
  An ancient zyme (Abyss:2)
  Grinder (D:6)
  15 blink frogs
  Sigmund (D:5)
  A shadow (D:12)
  3 wraiths
  3 wyverns
  2 hogs (D:13)
  3 chaos spawn (Abyss:2)
  A golden eye (Abyss:2)
  51 yaks
  A human (D:12)
  3 basilisks
  4 vampire mosquitoes
  5 wargs
  Menkaure (D:6)
  3 water moccasins
  3 nagas (Lair:2)
  2 hell hounds (Volcano)
  An acid dragon (D:9)
  19 orc warriors
  An ice beast (D:6)
  A sky beast (D:7)
  3 black bears
  5 ogres
  12 wolves
  A small abomination (Abyss:2)
  3 centaurs
  2 lemures (D:6)
  Blork the orc (D:4)
  11 bullfrogs
  A gnoll sergeant (D:8)
  3 scorpions
  6 wights
  2 deep troll simulacra (IceCv)
  5 howler monkeys
  3 electric eels
  A lava snake (Volcano)
  6 jellies
  4 hounds
  A gnoll bouda (D:8)
  Crazy Yiuf (D:5)
  A sleepcap (D:4)
  7 orc priests
  3 starcursed masses (Abyss:2)
  Ijyb (D:5)
  Terence (D:3)
  4 iguanas
  20 orc wizards
  7 gnolls
  5 adders
  3 white imps
  2 ufetubi
  2 worms
  3 dart slugs
  64 orcs
  12 endoplasms
  5 giant cockroaches
  9 goblins
  7 hobgoblins
  4 jackals
  6 kobolds
  3 quokkas
  8 ball pythons
  4 bats
  2 frilled lizards
  6 rats
506 creatures vanquished.

Vanquished Creatures (collateral kills)
  A very ugly thing (Abyss:2)
  Fannar (D:11)
  A catoblepas (Lair:5)
  A hydra (Lair:2)
  A centaur warrior (D:15)
  The ghost of snackwell the Skirmisher, a novice MeHu of Nemelex Xobeh (D:8)
  4 two-headed ogres
  2 boulder beetles
  3 orc high priests (Orc:2)
  3 thrashing horrors (Abyss:2)
  A wretched star (Abyss:2)
  A deep troll (D:15)
  A spriggan simulacrum (IceCv)
  A large abomination (Abyss:2)
  2 orc knights
  An ugly thing (D:13)
  8 orc sorcerers
  A black mamba (Lair:4)
  A demonic crawler (Abyss:2)
  An ice statue (D:14)
  A molten gargoyle (Volcano)
  6 elephants
  2 slime creatures
  A smoke demon (Abyss:2)
  8 cane toads
  An unseen horror (D:12)
  3 komodo dragons
  2 rime drakes
  A freezing wraith (IceCv)
  2 trolls (Orc:2)
  A red devil (Abyss:2)
  A polar bear (Lair:5)
  8 blink frogs
  A shadow (D:12)
  2 wraiths
  A ynoxinul (Abyss:2)
  A wyvern (Lair:4)
  A dire elephant simulacrum (IceCv)
  Grum (D:8)
  2 basilisks
  16 yaks
  2 chaos spawn (Abyss:2)
  2 fire bats (Volcano)
  A neqoxec (Abyss:2)
  3 vampire mosquitoes
  An acid dragon (D:9)
  A harpy simulacrum (IceCv)
  6 water moccasins
  A small abomination (Abyss:2)
  An ice beast (Abyss:2)
  17 orc warriors
  An ogre (Orc:1)
  5 wolves
  3 centaurs
  3 gnoll sergeants (D:8)
  3 bullfrogs
  A scorpion (Lair:1)
  3 wights (D:8)
  An electric eel (Lair:5)
  2 howler monkeys
  4 lava snakes (Volcano)
  A gnoll bouda (D:6)
  8 orc priests
  5 orc wizards
  3 gnolls (D:6)
  22 orcs
  A goblin (D:12)
199 creatures vanquished.

Vanquished Creatures (others)
  Kirke (D:13)
  A vampire (D:13)
  A centaur (D:8)
  24 battlemagi
  12 ancestors
  14 fulminant prisms
  32 fungi
  85 plants
  2 starspawn tentacles (Abyss:2)
172 creatures vanquished.

Grand Total: 877 creatures vanquished

Notes
Turn   | Place    | Note
-------+----------+-------------------------------------------
     0 | D:1      | serber55 the Merfolk Ice Elementalist began the quest for
                  | the Orb.
     0 | D:1      | Reached XP level 1. HP: 13/13 MP: 3/3
   179 | D:1      | Reached XP level 2. HP: 14/20 MP: 1/5
   269 | D:1      | Reached skill level 3 in Dodging
   511 | D:1      | Reached skill level 1 in Fighting
   518 | D:1      | Reached XP level 3. HP: 26/26 MP: 0/6
   596 | D:1      | Learned a level 3 spell: Frozen Ramparts
  1223 | D:1      | Reached skill level 5 in Ice Magic
  1681 | D:2      | Reached XP level 4. HP: 32/32 MP: 0/7
  1685 | D:2      | Learned a level 3 spell: Ozocubu's Armour
  1810 | D:2      | Found a faded altar of an unknown god.
  2673 | D:3      | Noticed Terence
  2687 | D:3      | Killed Terence
  2688 | D:3      | Reached XP level 5. HP: 38/38 MP: 1/9
  2971 | D:3      | Found a transporter.
  2980 | D:3      | Reached skill level 4 in Dodging
  3148 | D:3      | Found a transporter.
  3152 | D:3      | Noticed patfeehan111222's ghost (amateur MiBe)
  3175 | D:3      | Found a stormy altar of Qazlal.
  3411 | D:4      | Noticed Blork the orc
  3433 | D:4      | Killed Blork the orc
  3434 | D:4      | Reached XP level 6. HP: 38/46 MP: 0/10
  3538 | D:4      | Learned a level 4 spell: Summon Ice Beast
  3865 | D:4      | Noticed a black bear
  3873 | D:4      | Killed a black bear
  3874 | D:4      | Reached XP level 7. HP: 50/52 MP: 1/12
  4127 | D:4      | Reached skill level 5 in Dodging
  4506 | D:5      | Entered Level 5 of the Dungeon
  4506 | D:5      | Noticed a yak
  4509 | D:5      | Noticed a yak
  4913 | D:5      | Reached XP level 8. HP: 47/60 MP: 0/14
  5130 | D:5      | Reached skill level 6 in Dodging
  5185 | D:5      | Found a runed translucent door.
  5186 | D:5      | Noticed Crazy Yiuf
  5219 | D:5      | Killed Crazy Yiuf
  5349 | D:5      | Noticed Sigmund
  5358 | D:5      | Killed Sigmund
  5482 | D:5      | Noticed a yak
  5483 | D:5      | Killed a yak
  5487 | D:5      | Killed a yak
  5488 | D:5      | Reached skill level 5 in Fighting
  5491 | D:5      | Killed a yak
  5492 | D:5      | Reached XP level 9. HP: 63/68 MP: 3/16
  5615 | D:5      | Noticed Ijyb
  5628 | D:5      | Killed Ijyb
  5629 | D:5      | Reached skill level 7 in Dodging
  5895 | D:6      | Reached skill level 5 in Spellcasting
  5971 | D:6      | Noticed Grinder
  5987 | D:6      | Paralysed by Grinder for 4 turns
  5996 | D:6      | Paralysed by Grinder for 2 turns
  6000 | D:6      | Killed Grinder
  6092 | D:6      | Noticed Menkaure
  6427 | D:6      | Killed Menkaure
  6428 | D:6      | Reached skill level 10 in Ice Magic
  6558 | D:6      | Gained mutation: You are partially covered in iridescent
                  | scales. (AC +2) [potion of mutation]
  6558 | D:6      | Gained mutation: You have a pair of small horns on your
                  | head. [potion of mutation]
  6558 | D:6      | Lost mutation: You have a pair of small horns on your head.
                  | [potion of mutation]
  6558 | D:6      | Gained mutation: Your mind is acute. (Int +4, Str/Dex -1)
                  | [potion of mutation]
  6562 | D:6      | Learned a level 2 spell: Passwall
  6580 | D:6      | Found a staircase to the Ecumenical Temple.
  6587 | Temple   | Entered the Ecumenical Temple
  6813 | Temple   | Became a worshipper of Hepliaklqana the Forgotten
  6914 | D:6      | Reached skill level 8 in Dodging
  7030 | D:6      | Found a broken altar of Ashenzari.
  7114 | D:6      | Noticed Pikel
  7122 | D:6      | Killed Pikel
  7386 | D:6      | Reached XP level 10. HP: 77/77 MP: 7/18
  7672 | D:7      | Reached * piety under Hepliaklqana
  7684 | D:7      | Noticed Joseph
  7694 | D:7      | Killed Joseph
  7695 | D:7      | Reached skill level 9 in Dodging
  8274 | D:7      | Found a hide-covered altar of Uskayaw.
  8274 | D:7      | Found a sacrificial altar of Ru.
  8662 | D:8      | Noticed Erica
  8670 | D:8      | Killed Erica
  8671 | D:8      | Reached skill level 5 in Polearms
  8729 | D:8      | Identified the +5 trident "Jodiot" {vamp, rC++}
  8729 | D:8      | Identified the +1 kite shield "Oxeiqaud" {Regen+}
  8769 | D:8      | Reached ** piety under Hepliaklqana
  8852 | D:8      | Noticed Grum
  8859 | D:8      | Found a transporter.
  8860 | D:8      | Noticed snackwell's ghost (novice MeHu)
  8868 | D:8      | Found a transporter.
  9061 | D:8      | Killed Grum
  9062 | D:8      | Reached XP level 11. HP: 77/77 MP: 10/21
  9105 | D:8      | Killed snackwell's ghost
  9106 | D:8      | Reached skill level 10 in Dodging
  9134 | D:8      | Identified the ring "Adeurr" {rN+ MP+9 Int+3}
  9142 | D:8      | Identified the +0 hand axe of Wu Jian's Outrage {venom,
                  | Int+3 Stlth+}
  9346 | D:8      | Found a staircase to the Lair.
  9697 | D:9      | Noticed a two-headed ogre
  9707 | D:9      | Killed a two-headed ogre
  9753 | D:9      | Noticed Maurice
  9785 | D:9      | Killed Maurice
 10460 | D:10     | Entered Level 10 of the Dungeon
 10481 | D:10     | Noticed Psyche
 10491 | D:10     | Killed Psyche
 10535 | D:10     | Found Vuog's Changing Room.
 10577 | D:10     | Learned a level 2 spell: Blink
 10621 | D:10     | Identified the +2 spear of Irphute {venom, rPois rF- Will++
                  | Str+2}
 10736 | D:10     | Reached *** piety under Hepliaklqana
 10883 | D:10     | Reached skill level 11 in Dodging
 10883 | D:10     | Reached skill level 1 in Translocations
 11269 | Lair:1   | Entered Level 1 of the Lair of Beasts
 11403 | Lair:1   | Reached XP level 12. HP: 85/85 MP: 24/24
 12312 | Lair:2   | Reached **** piety under Hepliaklqana
 12356 | Lair:2   | Noticed a seven-headed hydra
 12372 | Lair:2   | Killed a seven-headed hydra
 12487 | Lair:2   | Reached skill level 12 in Dodging
 12671 | Lair:2   | Reached skill level 10 in Fighting
 12764 | Lair:2   | Identified the +4 hand axe of Contradiction {protect, rElec
                  | rPois rC+}
 13006 | Lair:2   | Found a staircase to the Snake Pit.
 13071 | Lair:2   | Reached skill level 1 in Shields
 13423 | Lair:3   | Found a staircase to the Swamp.
 13480 | Lair:3   | Noticed Urug
 13500 | Lair:3   | Killed Urug
 13518 | Lair:3   | Reached XP level 13. HP: 93/93 MP: 24/26
 13533 | Lair:3   | Reached skill level 10 in Polearms
 13711 | Lair:3   | Remembered your ancestor Ankherfenedjef as a battlemage
 14002 | Lair:3   | Identified the +5 quarterstaff of Ofreceshroavy {heavy,
                  | rCorr}
 14384 | Lair:4   | Reached skill level 13 in Dodging
 14521 | Lair:4   | Reached skill level 5 in Shields
 14585 | Lair:4   | Found a viscous altar of Jiyva.
 14607 | Lair:4   | Found the +2 cloak of the Thief {*Fog Slay-2 SInv Stlth+}
 14646 | Lair:4   | Found a transporter.
 14719 | Lair:4   | Found a staircase to the Slime Pits.
 14889 | Lair:4   | Reached ***** piety under Hepliaklqana
 14906 | Lair:4   | Found a transporter.
 14914 | Lair:4   | Reached skill level 1 in Invocations
 15507 | Lair:5   | Entered Level 5 of the Lair of Beasts
 15775 | Lair:5   | Reached XP level 14. HP: 101/101 MP: 25/27
 15804 | Lair:5   | Reached skill level 10 in Spellcasting
 15815 | Lair:5   | Reached skill level 5 in Invocations
 15899 | Lair:5   | Reached skill level 14 in Dodging
 17352 | D:11     | Noticed Fannar
 17389 | D:11     | Killed Fannar
 17741 | D:12     | Found a staircase to the Orcish Mines.
 17785 | D:12     | Learned a level 4 spell: Fulminant Prism
 18156 | Orc:1    | Entered Level 1 of the Orcish Mines
 18169 | Orc:1    | Reached skill level 1 in Hexes
 18190 | Orc:1    | Found a dark tunnel.
 18204 | Volcano  | Entered a volcano
 18374 | Volcano  | Reached skill level 1 in Conjurations
 18412 | Volcano  | Found a radiant altar of Vehumet.
 18797 | Orc:2    | Entered Level 2 of the Orcish Mines
 18937 | Orc:1    | Reached XP level 15. HP: 109/109 MP: 29/29
 19211 | Orc:2    | Reached skill level 15 in Dodging
 19232 | Orc:2    | Found Iklanoc's Antique Armour Boutique.
 19351 | Orc:2    | Found Opec Xitt's General Store.
 19366 | Orc:2    | Bought a potion of heal wounds for 75 gold pieces
 19400 | Orc:2    | Reached ****** piety under Hepliaklqana
 19437 | Orc:2    | Found Waucvaom's Jewellery Shop.
 19445 | Orc:2    | Bought an amulet of reflection for 420 gold pieces
 19478 | Orc:2    | Found Leere's Antique Weapon Emporium.
 19479 | Orc:2    | Found a staircase to the Elven Halls.
 19553 | Orc:2    | Noticed an orc warlord
 19564 | Orc:2    | Killed an orc warlord
 19622 | Orc:2    | Found a runed translucent door.
 19623 | Orc:2    | Noticed Josephine
 20034 | Orc:2    | Killed Josephine
 20251 | D:13     | Noticed Kirke
 20261 | D:13     | Killed Kirke
 20965 | D:13     | Identified the +2 robe of Darkness {Contam rPois rF+}
 21006 | D:14     | Found a frozen archway.
 21027 | IceCv    | Entered an ice cave
 22145 | D:14     | Identified the +3 glaive of Gyzacom {spect, rN+}
 22177 | D:14     | Identified the +7 flail "Lokhaw" {antimagic, rPois Str+3
                  | Stlth+}
 22480 | D:14     | Found a stormy altar of Qazlal.
 22549 | D:14     | Found a gate to the Vaults.
 22712 | D:14     | Identified a scroll of acquirement
 22713 | D:14     | Acquired the +6 demon trident of Departure {vamp, *Slow
                  | rPois Will+ Int+3}
 22732 | D:14     | Lost mutation: Your mind is acute. (Int +4, Str/Dex -1)
                  | [mutagenic glow]
 23047 | D:15     | Entered Level 15 of the Dungeon
 23236 | D:15     | Found Ykel's Book Shop.
 23238 | D:15     | Found Nunnej's Weapon Emporium.
 23238 | D:15     | Found Syiladghi's Antique Weapon Boutique.
 23256 | D:15     | Bought a book of Winter for 408 gold pieces
 23263 | D:15     | Learned a level 6 spell: Simulacrum
 23327 | D:15     | Reached skill level 5 in Hexes
 23462 | D:15     | Reached XP level 16. HP: 107/117 MP: 31/31
 23619 | D:15     | Found a sacrificial altar of Ru.
 23838 | D:15     | Found a staircase to the Depths.
 23839 | Abyss:2  | Cast into level 2 of the Abyss (a wizard)
 23866 | Abyss:2  | Found a corrupted altar of Lugonu.
 23981 | Abyss:2  | Noticed a bone dragon
 24024 | Abyss:2  | Reached skill level 1 in Necromancy
 24043 | Abyss:2  | Reached skill level 16 in Dodging
 24131 | Abyss:2  | Reached skill level 10 in Invocations
 24214 | Abyss:2  | Found a corrupted altar of Lugonu.
 24576 | Abyss:2  | Found a corrupted altar of Lugonu.
 24576 | Abyss:2  | Noticed a tentacled starspawn
 24665 | Abyss:2  | Noticed a tentacled starspawn
 24686 | Abyss:2  | Killed a tentacled starspawn
 24690 | D:15     | Escaped the Abyss
 24695 | D:15     | Reached skill level 5 in Conjurations
 24708 | D:15     | HP: 5/118 [ettin/+0 dire flail (33)]
 24708 | D:15     | Slain by an ettin

Illustrated notes

Levels and vault maps discovered:
D:1:      onia_arrival_pentagram, layout_basic, hangedman_decor_push,
          minmay_tromino_mix6
D:2:      layout_basic, ebering_ecumenical_altar_rust
D:3:      layout_loops_ring, nicolae_overflow_crystal_walls,
          gammafunk_ghost_mausoleum, uniq_terence
D:4:      layout_cave_pools, uniq_blork_the_orc
D:5:      layout_cave_pools, nicolae_concentric_dashed_squares_mild, uniq_ijyb,
          uniq_sigmund, uniq_crazy_yiuf_cottage
D:6:      layout_loops_ring, nicolae_ashenzari_panopticon,
          minmay_temple_entry_wispy, minmay_misc_feat_x, chequers_big_river,
          uniq_menkaure, uniq_grinder, uniq_pikel
D:7:      layout_loops_corners, jmf_multi_god_temple, uniq_joseph
D:8:      layout_cave_pools, lair_entry_dummy, gammafunk_ghost_gnarly_gnolls,
          lemuel_flame_loot_1, uniq_erica
D:9:      layout_loops_cross, uniq_maurice
D:10:     layout_roguey, nicolae_transmutations_shop, uniq_psyche
D:11:     layout_basic, uniq_fannar
D:12:     layout_rooms, erik_orc_4
D:13:     layout_basic, uniq_kirke
D:14:     layout_roguey [special_room_orc], david_vaults_5,
          portal_ice_cave_entry_ice_statue_two,
          nicolae_qazlal_general_emergency, minivault_20
D:15:     hangedman_depths_entry_civil_slaughter, layout_stronghold,
          serial_column_ruins, column_ruins_pillar_3, column_ruins_pillar_1,
          column_ruins_pillar_5, column_ruins_pillar_3, column_ruins_pillar_3,
          column_ruins_pillar_7, column_ruins_pillar_2, column_ruins_pillar_2,
          column_ruins_pillar_1, column_ruins_pillar_2, column_ruins_pillar_2,
          column_ruins_pillar_4, column_ruins_pillar_4, column_ruins_pillar_1,
          column_ruins_pillar_3, column_ruins_pillar_2, column_ruins_pillar_3,
          column_ruins_pillar_6, nicolae_wooded_promenade,
          nicolae_ru_awakened_eye
Temple:   mainiacjoe_temple_bowtie_tessellation
Lair:1:   layout_cave_shapes
Lair:2:   layout_roguey, guppyfry_snake_entry_island, beast_lair_carwin_2,
          infiniplex_staircase_pool
Lair:3:   layout_loops_ring, skrybe_swamp_entry_bodies, st_stairs_6,
          beast_lair_carwin_11, uniq_urug
Lair:4:   gammafunk_boulding_lane, layout_cave_pods,
          nicolae_slime_entry_field_trip, grunt_megastairs_3
Lair:5:   minmay_lair_end_frog_pond, layout_loops_ring, minivault_23
Orc:1:    layout_diamond_mine, nicolae_volcano_entry_s_turn, mines5_lemuel
Orc:2:    grunt_orc_gardens, layout_diamond_mine, grunt_orc_garden,
          grunt_orc_garden, grunt_orc_garden, grunt_orc_garden,
          lightli_church_of_beogh, uniq_josephine

Skill      XL: |  1  2  3  4  5  6  7  8  9 10 11 12 13 14 15 16 |
---------------+-------------------------------------------------+-----
Dodging        | 3 4 5 6 8 9 11 12 13 14 15 16 | 16.3
Fighting       | 1 2 3 4 5 6 7 9 10 11 12 13 | 13.8
Ice Magic      | 5 6 7 8 10 11 | 11.8
Spellcasting   | 3 4 5 7 8 9 10 11 | 11.9
Polearms       | 2 5 7 9 11 12 | 12.4
Translocations | 2 4 |  4.0
Shields        | 3 5 |  5.0
Invocations    | 4 8 9 10 | 10.0
Hexes          | 2 5 |  5.0
Conjurations   | 1 4 5 |  5.0
Necromancy     | 2 |  2.6
Stealth        | |  2.1

Action                     |  1- 3 |  4- 6 |  7- 9 | 10-12 | 13-15 | 16-18 || total
---------------------------+-------+-------+-------+-------+-------+-------++-------
  Melee: Whip              |     5 |       |       |       |       |       ||     5
         Unarmed           |     1 |       |       |       |       |       ||     1
         Short sword       |    30 |    27 |       |       |       |       ||    57
         Spear             |       |    94 |    75 |       |       |       ||   169
         Punch             |       |     2 |       |     8 |    19 |     1 ||    30
         Halberd           |       |       |    69 |    66 |       |       ||   135
         Trident           |       |       |       |   394 |  1013 |       ||  1407
         Tailslap          |       |       |       |     4 |     1 |       ||     5
         Demon trident     |       |       |       |       |    45 |   185 ||   230
  Throw: Stone             |     5 |     6 |    12 |     1 |     1 |       ||    25
         Dart              |       |       |       |       |     4 |       ||     4
   Cast: Freeze            |    35 |    28 |    14 |       |       |       ||    77
         Frozen Ramparts   |     5 |    17 |    32 |    46 |    84 |    21 ||   205
         Ozocubu's Armour  |       |     8 |    19 |    32 |    63 |    16 ||   138
         Summon Ice Beast  |       |       |     5 |    11 |    23 |     2 ||    41
         Fulminant Prism   |       |       |       |       |    13 |     1 ||    14
         Passwall          |       |       |       |       |     1 |       ||     1
         Simulacrum        |       |       |       |       |       |     1 ||     1
 Invoke: Recall Ancestor   |       |       |       |       |     1 |     1 ||     2
         Ancestor Life: Ba |       |       |       |       |     1 |       ||     1
  Evoke: Wand              |       |     2 |     9 |     7 |     7 |       ||    25
         Phantom mirror    |       |       |       |       |     2 |       ||     2
    Use: Potion            |       |     1 |     1 |     1 |     7 |     2 ||    12
         Scroll            |       |    10 |     4 |     9 |    10 |     3 ||    36
   Stab: Sleeping          |     4 |     3 |     4 |     6 |     7 |       ||    24
         Distracted        |       |       |       |     2 |    12 |     5 ||    19
         Petrified         |       |       |       |       |     1 |       ||     1
 Armour: Robe              |     4 |    38 |    55 |    78 |   196 |    58 ||   429
  Dodge: Dodged            |    38 |    70 |   101 |   272 |   717 |   191 ||  1389
  Block: Other             |       |       |       |       |    63 |    43 ||   106
         Reflection        |       |       |       |       |     9 |       ||     9

Table legend: (Time is in decaauts)
 A = Elapsed time spent in this place.
 B = Non-inter-level travel time spent in this place.
 C = Inter-level travel time spent in this place.
 D = Time resting spent in this place.
 E = Time spent auto-exploring this place.
 F = Levels seen in this place.
 G = Mean time per level.
                   A        B        C        D        E       F      G
               +--------+--------+--------+--------+--------+-----+--------+
         Total |  24300 |  23261 |   1039 |   3243 |  13871 |  26 |  934.6 |
       Dungeon |  15249 |  14734 |    515 |   2340 |   9265 |  15 | 1016.6 |
        Temple |    252 |    215 |     37 |      0 |    202 |   1 |  252.0 |
          Lair |   5356 |   5009 |    347 |    226 |   3526 |   5 | 1071.2 |
  Orcish Mines |   1640 |   1501 |    139 |     55 |    804 |   2 |  820.0 |
         Abyss |    805 |    805 |      0 |    207 |     54 |   1 |  805.0 |
      Ice Cave |    651 |    651 |      0 |    414 |      0 |   1 |  651.0 |
       Volcano |    344 |    344 |      0 |      0 |     20 |   1 |  344.0 |
               +--------+--------+--------+--------+--------+-----+--------+

Top non-repeatable levels by time:
     D:6: 1481 daAuts
     D:5: 1417 daAuts
     D:1: 1282 daAuts
  Lair:4: 1235 daAuts
  Lair:5: 1153 daAuts
   Orc:2: 1124 daAuts
     D:8: 1117 daAuts
    D:14: 1109 daAuts
     D:4: 1108 daAuts
     D:3: 1104 daAuts
  Lair:1: 1072 daAuts
     D:2: 1026 daAuts
     D:7: 1010 daAuts
  Lair:2: 1001 daAuts
    D:13: 943 daAuts
